 Seeded DCSS version 0.29-a0-338-g1ff7896281 (webtiles) character file.

Game seed: 835735521943667586 (custom seed)

71 a11behringer the Poker (level 4, -6/34 HPs)
             Began as a Merfolk Gladiator on Apr 17, 2022.
             Mangled by Sigmund
             ... wielding a +0 scythe
              (7 damage)
             ... on level 2 of the Dungeon.
             The game lasted 00:02:37 (1452 turns).

a11behringer the Poker (Merfolk Gladiator)          Turns: 1452, Time: 00:02:38

Health: -6/34      AC:  5    Str: 16    XL:     4   Next: 24%
Magic:  4/4        EV: 13    Int:  7    God:
Gold:   33         SH:  0    Dex: 15    Spells: 3/3 levels left

rFire   . . .      SeeInvis .   a - +0 trident
rCold   . . .      Faith    .   (no shield)
rNeg    . . .      Spirit   .   b - +0 leather armour
rPois   .          Reflect  .   c - +0 helmet
rElec   .          Harm     .   (no cloak)
rCorr   .          Rampage  .   (no gloves)
Will    .....                   k - +0 pair of boots
Stlth   +.........              (no amulet)
HPRegen 0.11/turn               (no ring)
MPRegen 0.09/turn               (no ring)

@: confused
A: (nimble swimmer 2), mertail
a: no special abilities


You were on level 2 of the Dungeon.
You visited 1 branch of the dungeon, and saw 2 of its levels.

You collected 33 gold pieces.

Inventory:

Hand Weapons
 a - a +0 trident (weapon)
Missiles
 d - 4 throwing nets (quivered)
 e - a javelin
Armour
 b - a +0 leather armour (worn)
 c - a +0 helmet (worn)
 k - a +0 pair of boots (worn)
Wands
 o - a wand of flame (18)
Scrolls
 f - 3 scrolls of teleportation {unknown}
 h - a scroll of immolation {unknown}
 i - 2 scrolls of noise {unknown}
 n - a scroll of identify {unknown}
Potions
 g - a potion of ambrosia {unknown}
 j - a potion of curing {unknown}
 l - a potion of heal wounds {unknown}
 m - a potion of cancellation {unknown}


   Skills:
 + Level 2.4 Fighting
 * Level 5.8 Polearms
 + Level 2.0 Throwing
 + Level 0.5 Armour
 + Level 4.4 Dodging
 + Level 0.3 Stealth


You had 3 spell levels left.
You didn't know any spells.
Your spell library was empty.

Dungeon Overview and Level Annotations

Branches:
Dungeon (2/15)

Altars:

Shops:
D:2 (

Annotations:
D:2 Sigmund


Innate Abilities, Weirdness & Mutations

((You are very nimble when in or above water. (Stealth+, EV+, Speed+++)))
Your lower body shifts to a powerful aquatic tail in water.


Message History

Sigmund whispers, "You'll know eternity soon."
Sigmund casts a spell at you. The magic dart hits you!
Sigmund hits you from afar with a +0 scythe.
You reach to attack!
You barely miss Sigmund.
You reach to attack!
You barely miss Sigmund.
Sigmund gestures wildly while chanting.
Sigmund flickers and vanishes!
Deactivating autopickup; reactivate with Ctrl-A.
No target in view!
No target in view!
No target in view!
No target in view!
No target in view!
No target in view!
No target in view!
No target in view!
No target in view!
Found Sofacwiy's Antique Weapon Shoppe.
Something hits you!
You hit something.
You hear some strange, mumbled words.
You are confused.
You hear some strange, mumbled words.
You are more confused.
You bump into the rock wall.
Something hits you.
* * * LOW HITPOINT WARNING * * *
You bump into the rock wall.
Something hits you.
* * * LOW HITPOINT WARNING * * *
You bump into the rock wall.
Something hits you.
* * * LOW HITPOINT WARNING * * *
You bump into the rock wall.
You closely miss something.
You hear some strange, mumbled words.
A magic dart appears from out of thin air!
The magic dart hits you.
* * * LOW HITPOINT WARNING * * *
You closely miss something. Something hits you.
* * * LOW HITPOINT WARNING * * *
You closely miss something. Something hits you!
You die...

.# ##########
###......# )........#
.........####..
...............
.........#####
.........# #########
.......†.# #...@{..#
.........####.###.#.#
...######......##.♣
#### #......#♣.∩
#......##.♣#
#####.###.# #.# #.#
... ..# #.#####


There were no monsters in sight!

Vanquished Creatures
  Jessica (D:2)
  An adder (D:2)
  A worm (D:2)
  2 dart slugs (D:1)
  2 endoplasms (D:1)
  2 giant cockroaches (D:1)
  2 goblins (D:1)
  3 hobgoblins
  2 kobolds (D:1)
  2 quokkas (D:1)
  3 ball pythons
  3 bats (D:1)
  5 rats
29 creatures vanquished.

Notes
Turn   | Place    | Note
-------+----------+-------------------------------------------
     0 | D:1      | a11behringer the Merfolk Gladiator began the quest for the
                  | Orb.
     0 | D:1      | Reached XP level 1. HP: 16/16 MP: 1/1
   208 | D:1      | Reached XP level 2. HP: 15/22 MP: 2/2
   750 | D:1      | Reached skill level 5 in Polearms
   756 | D:1      | Found a faded altar of an unknown god.
   798 | D:1      | Reached XP level 3. HP: 27/27 MP: 3/3
  1289 | D:2      | Noticed Jessica
  1297 | D:2      | Killed Jessica
  1298 | D:2      | Reached XP level 4. HP: 21/34 MP: 4/4
  1437 | D:2      | Noticed Sigmund
  1442 | D:2      | Found Sofacwiy's Antique Weapon Shoppe.
  1451 | D:2      | HP: 1/34 [something (3)]
  1452 | D:2      | Mangled by Sigmund

Illustrated notes

Levels and vault maps discovered:
D:1:      wander_arrival_estate, layout_basic,
          shapermc_ecumenical_altar_hornbeckon
D:2:      layout_basic, serial_shops, nicolae_shop_trees, basic_altar,
          kennysheep_doodads, minmay_strange_pillars, uniq_natasha,
          uniq_sigmund, uniq_jessica

Skill      XL: |  1  2 |
---------------+-------+-----
Polearms       | 5 |  5.8
Fighting       | |  2.4
Throwing       | |  2.0
Armour         | |  0.5
Dodging        | |  4.4
Stealth        | |  0.3

Action                   |  1- 3 |  4- 6 || total
-------------------------+-------+-------++-------
Melee: Trident           |    81 |    12 ||    93
       Punch             |     1 |     1 ||     2
 Stab: Sleeping          |     3 |       ||     3
Armor: Leather armour    |    12 |       ||    12
Dodge: Dodged            |    42 |     1 ||    43

Table legend: (Time is in decaauts)
 A = Elapsed time spent in this place.
 B = Non-inter-level travel time spent in this place.
 C = Inter-level travel time spent in this place.
 D = Time resting spent in this place.
 E = Time spent auto-exploring this place.
 F = Levels seen in this place.
 G = Mean time per level.
                   A        B        C        D        E       F      G
               +--------+--------+--------+--------+--------+-----+--------+
         Total |   1448 |   1398 |     50 |      0 |   1191 |   2 |  724.0 |
       Dungeon |   1448 |   1398 |     50 |      0 |   1191 |   2 |  724.0 |
               +--------+--------+--------+--------+--------+-----+--------+

Top non-repeatable levels by time:
     D:1: 1197 daAuts
     D:2: 251 daAuts
